 Dungeon Crawl Stone Soup version 0.27-a0-1321-gd358eaa319 (webtiles) character file.

Game seed: 85812033243900730

93 Nattfarinn the Skirmisher (level 4, -3/29 HPs)
             Began as a Gargoyle Gladiator on June 22, 2021.
             Slain by an ogre (27 damage)
             ... on level 3 of the Dungeon.
             The game lasted 00:03:50 (3335 turns).

Nattfarinn the Skirmisher (Gargoyle Gladiator)      Turns: 3335, Time: 00:03:50

Health: -3/29      AC: 10    Str: 19    XL:     4   Next: 61%
Magic:  4/4        EV: 11    Int:  8    God:
Gold:   160        SH:  0    Dex: 11    Spells: 3/3 levels left

rFire    . . .     SeeInvis .   a - +0 flail
rCold    . . .     Faith    .   (no shield)
rNeg     + . .     Spirit   .   n - +0 ring mail
rPois    ∞         Reflect  .   c - +0 helmet
rElec    +         Harm     .   (no cloak)
rCorr    .         Rampage  .   (no gloves)
Will     +....                  (no boots)
Stlth    +.........             (no amulet)
HPRegen  0.09/turn              p - ring of willpower
MPRegen  0.09/turn              (no ring)

@: no status effects
A: sickness immunity, AC +3, negative energy resistance 1, electricity
resistance, torment resistance 1, petrification resistance
a: no special abilities


You were on level 3 of the Dungeon.
You visited 1 branch of the dungeon, and saw 3 of its levels.

You collected 160 gold pieces.

Inventory:

Hand Weapons
 a - a +0 flail (weapon)
Missiles
 d - 3 throwing nets (quivered)
 f - 4 boomerangs
Armour
 b - a +0 leather armour
 c - a +0 helmet (worn)
 n - a +0 ring mail (worn)
Magical Staves
 g - a staff of poison
Jewellery
 p - a ring of willpower (left hand)
Wands
 k - a wand of polymorph (10)
Scrolls
 e - 2 scrolls of amnesia {unknown}
 i - a scroll of magic mapping {unknown}
 j - 2 scrolls of identify {unknown}
 l - a scroll of teleportation {unknown}
 m - a scroll of fear {unknown}
Potions
 h - a potion of curing {unknown}
 o - 2 potions of attraction {unknown}


   Skills:
 * Level 4.0 Fighting
 + Level 3.6 Maces & Flails
 - Level 1.7 Throwing
 + Level 2.0 Armour
 - Level 2.4 Dodging


You had 3 spell levels left.
You didn't know any spells.
Your spell library contained the following spells:

 Spells                   Type           Power      Damage    Failure   Level
 Corona                   Hex            0%         N/A       58%         1
 Ensorcelled Hibernation  Hex/Ice        0%         N/A       75%         2
 Confusing Touch          Hex            0%         N/A       92%         3
 Dazzling Flash           Conj/Hex       0%         N/A       92%         3
 Tukima's Dance           Hex            0%         N/A       92%         3


Dungeon Overview and Level Annotations

Branches:
Dungeon (3/15)

Altars:

Shops:
D:2 :


Innate Abilities, Weirdness & Mutations

You are immune to sickness and miasma.
Your stone body is resilient. (AC +3)
You are immune to poison.
You resist negative energy. (rN+)
You are resistant to electric shocks. (rElec)
You are resistant to unholy torment.
You are immune to petrification.


Message History

You barely miss the giant cockroach.
The giant cockroach bites you but does no damage.
You sock the giant cockroach!
You kill the giant cockroach!
No target in view!
No target in view!
p - a ring of willpower (left hand)
You open the door.
A goblin comes into view. It is wielding a +0 dagger.
A goblin is nearby!
There is an open door here.
The goblin hits you but does no damage.
You completely miss the goblin. The goblin hits you but does no damage.
You sock the goblin!
You kill the goblin!
Your Fighting skill increases to level 4!
No target in view!
No target in view!
Things that are here:
a +0 dagger; a goblin corpse A rat comes into view.
A rat is nearby!
An ogre comes into view. It is wielding a +0 giant spiked club.
You sock the ogre!
The ogre is heavily wounded.
The ogre closely misses you.
You closely miss the ogre.
The ogre is heavily wounded.
The ogre hits you with a +0 giant spiked club.
You hit the ogre.
The ogre is heavily wounded.
The ogre hits you but does no damage.
You hit the ogre but do no damage.
The ogre is heavily wounded.
The ogre closely misses you.
You barely miss the ogre.
The ogre is heavily wounded.
The ogre hits you with a +0 giant spiked club!!
Ouch! That really hurt!
You die...

.# #'## .# ##...##
..... . .# ##.....##
....#.# .#
##.......## ....#.
.###.........###....
.............'.....
.###.........# #r.
.# #........# #O# ##
#.#.....## #@###
#.##...## #...#
..###'## ###.# ####
#.# #.# #)# #.#
##.## #.#
##.##...### #.#
...........######.#
.##.##............#


You could see an ogre and a rat.

Vanquished Creatures
  5 adders
  2 dart slugs
  5 endoplasms
  2 giant cockroaches
  3 goblins
  4 hobgoblins
  4 jackals (D:1)
  7 kobolds
  2 ball pythons
  5 bats
  2 frilled lizards (D:2)
  2 rats
43 creatures vanquished.

Notes
Turn   | Place    | Note
-------+----------+-------------------------------------------
     0 | D:1      | Nattfarinn the Gargoyle Gladiator began the quest for the
                  | Orb.
     0 | D:1      | Reached XP level 1. HP: 12/12 MP: 1/1
   212 | D:1      | Found a faded altar of an unknown god.
   248 | D:1      | Reached XP level 2. HP: 8/18 MP: 2/2
   799 | D:1      | Reached skill level 1 in Armour
  1304 | D:2      | Reached skill level 3 in Fighting
  1536 | D:2      | Reached XP level 3. HP: 18/23 MP: 3/3
  1799 | D:2      | Noticed Terence
  1815 | D:2      | Noticed Terence
  1815 | D:2      | Terence changed into Terence the kobold
  1819 | D:2      | Killed Terence the kobold
  2090 | D:2      | Found Akiy's Book Boutique.
  2981 | D:3      | Reached XP level 4. HP: 22/28 MP: 4/4
  3309 | D:3      | Reached skill level 4 in Fighting
  3330 | D:3      | Noticed an ogre
  3335 | D:3      | Slain by an ogre

Illustrated notes

Levels and vault maps discovered:
D:1:      kennysheep_arrival_seaside, layout_loops_cross, basic_ecumenical_altar
D:2:      layout_loops_ring, serial_shops, shop, uniq_terence
D:3:      layout_loops_corners

Skill      XL: |  1  2  3  4 |
---------------+-------------+-----
Armour         | 1 2 |  2.0
Fighting       | 3 4 |  4.0
Maces & Flails | |  3.6
Throwing       | |  1.7
Dodging        | |  2.4

Action                   |  1- 3 |  4- 6 || total
-------------------------+-------+-------++-------
Melee: Flail             |    62 |    26 ||    88
       Staff             |   136 |       ||   136
Evoke: Wand              |     1 |       ||     1
Armor: Leather armour    |    48 |       ||    48
       Ring mail         |    42 |    14 ||    56
Dodge: Dodged            |   132 |    15 ||   147

Table legend: (Time is in decaauts)
 A = Elapsed time spent in this place.
 B = Non-inter-level travel time spent in this place.
 C = Inter-level travel time spent in this place.
 D = Time resting spent in this place.
 E = Time spent auto-exploring this place.
 F = Levels seen in this place.
 G = Mean time per level.
                   A        B        C        D        E       F      G
               +--------+--------+--------+--------+--------+-----+--------+
         Total |   3369 |   3278 |     91 |    740 |   2123 |   3 | 1123.0 |
       Dungeon |   3369 |   3278 |     91 |    740 |   2123 |   3 | 1123.0 |
               +--------+--------+--------+--------+--------+-----+--------+

Top non-repeatable levels by time:
     D:2: 1321 daAuts
     D:1: 1317 daAuts
     D:3: 731 daAuts
